 Dungeon Crawl Stone Soup version 0.27.1-3-gb3d3a73c9e (webtiles) character file.

Game seed: 4888615214474157852

203 TheGamechu the Ruffian (level 5, -1/27 (48) HPs)
             Began as a Troll Hunter on Oct 18, 2021.
             Was a Follower of Uskayaw.
             Slain by a kobold brigand (8 damage)
             ... on level 3 of the Dungeon.
             The game lasted 00:09:17 (2368 turns).

TheGamechu the Ruffian (Troll Hunter)               Turns: 2368, Time: 00:09:18

HP:   -1/27 (48)    AC:  4    Str: 20    XL:     5   Next: 51%
MP:   1/4           EV:  9    Int:  7    God:    Uskayaw [*.....]
Gold: 87            SH:  0    Dex: 11    Spells: 4/4 levels left

rFire    . . .     SeeInvis .   a - +0 short sword (spect)
rCold    . . .     Faith    +   (no shield)
rNeg     . . .     Spirit   .   b - +0 robe
rPois    .         Reflect  .   (helmet restricted)
rElec    .         Harm     .   (no cloak)
rCorr    .         Rampage  .   (gloves unavailable)
Will     .....                  (boots unavailable)
Stlth    +.........             h - amulet of faith
HPRegen  1.09/turn              (no ring)
MPRegen  0.09/turn              (no ring)

@: very heavily drained
A: large, unfitting armour, claws 3, regeneration 1, shaggy fur 1, tough skin 1
a: Renounce Religion, Stomp


You were on level 3 of the Dungeon.
You worshipped Uskayaw.
Uskayaw was noncommittal.
You visited 1 branch of the dungeon, and saw 3 of its levels.

You collected 87 gold pieces.

Inventory:

Hand Weapons
 a - a +0 spectral short sword (weapon)
Missiles
 c - 5 large rocks (quivered)
 d - 2 throwing nets
 g - 14 poisoned darts
Armour
 b - a +0 robe (worn)
Jewellery
 h - an amulet of faith (around neck)
Wands
 e - a wand of acid (10)
 p - a wand of flame (7)
Scrolls
 f - a scroll of teleportation {unknown}
 i - a scroll of enchant weapon {unknown}
Potions
 l - a potion of heal wounds
 n - a potion of haste
 o - a potion of brilliance {unknown}


   Skills:
 - Level 1.5 Fighting
 - Level 3.6 Throwing
 - Level 1.5 Dodging
 - Level 0.3 Stealth
 + Level 5.3 Unarmed Combat


You had 4 spell levels left.
You didn't know any spells.
Your spell library contained the following spells:

 Spells                   Type           Power      Damage    Failure   Level
 Shock                    Conj/Air       0%         1d3       43%         1
 Gell's Gravitas          Tloc           0%         N/A       80%         3
 Lesser Beckoning         Tloc           0%         N/A       80%         3
 Swiftness                Air            0%         N/A       80%         3
 Teleport Other           Tloc           0%         N/A       80%         3
 Airstrike                Air            0%         N/A       99%         4


Dungeon Overview and Level Annotations

Branches:
Dungeon (3/15)

Altars:
Uskayaw

Annotations:
D:3 Tovical's ghost, amateur GrFi


Innate Abilities, Weirdness & Mutations

You are too large for most types of armour.
You have claws for hands.
Your natural rate of healing is unusually fast.
You are covered in fur. (AC +1)
You have tough skin. (AC +1)


Message History

The kobold brigand hits you with a +1 whip of draining.
You feel drained.
You hit the kobold brigand. Your claw misses the kobold brigand.
The kobold brigand is moderately wounded.
The kobold brigand hits you with a +1 whip of draining.
You feel drained.
You closely miss the kobold brigand.
The kobold brigand is moderately wounded.
The kobold brigand barely misses you.
You closely miss the kobold brigand.
The kobold brigand is moderately wounded.
The kobold brigand hits you with a +1 whip of draining!
You feel drained.
Tovical's ghost takes a fighting stance.
You hit the kobold brigand.
The kobold brigand is heavily wounded.
The kobold brigand hits you with a +1 whip of draining.
You feel drained.
You barely miss the kobold brigand.
The kobold brigand is heavily wounded.
The kobold brigand closely misses you.
The kobold brigand hits you with a +1 whip of draining.
You feel drained.
You stomp with the beat, sending a shockwave through the revellers around you!
The kobold brigand is severely wounded.
The kobold brigand closely misses you.
You closely miss the kobold brigand.
The kobold brigand is severely wounded.
The kobold brigand hits you with a +1 whip of draining.
You feel drained.
You hit the kobold brigand but do no damage.
The kobold brigand is severely wounded.
The kobold brigand hits you with a +1 whip of draining.
* * * LOW HITPOINT WARNING * * *
You feel drained.
* * * LOW HITPOINT WARNING * * *
You hit the kobold brigand.
The kobold brigand is almost dead.
The kobold brigand hits you with a +1 whip of draining!
You die...

........,*,##.*,..,,,*#,)$##,,,,,
)..####,,*,,..#+#.####.....##**,*
.....#*,,**###......#.#...#.# *,*
..##.##,,*,.........#K.#.#.⌠# *,*
#.....#,,#,**#......#.#...#.# *,*
#.#####,.#,###......##.....###*,*
......#..#,..........##''K##..,,*
#.###.#..#########KK..K.......,,*
................@KKK.>........,,*
..#†#.#..#..###.##W...........,,*
###......#,,* #.##############*,*
..###<#.##,,* #........,,,,* *,*
#...###,..,,* #.##.....,,,,****,*
..#...#**##,* #.#,,....,,,,,,,,,*
.####...#**,* #.#,,,...,,,,******
.#..###...,,* #.#,,**##**********
##....##.#*,* #.#,,* *,,,,,,


You could see a kobold brigand, Tovical's ghost and 5 kobolds.

Vanquished Creatures
  An orc priest (D:3)
  Jessica (D:3)
  2 orc wizards (D:3)
  3 adders (D:2)
  5 worms
  A dart slug (D:1)
  4 orcs (D:3)
  An endoplasm (D:1)
  2 giant cockroaches (D:3)
  7 goblins
  3 hobgoblins (D:2)
  5 jackals
  3 quokkas
  2 ball pythons
  4 bats
  5 frilled lizards
  7 kobolds
  5 rats
61 creatures vanquished.

Notes
Turn   | Place    | Note
-------+----------+-------------------------------------------
     0 | D:1      | TheGamechu the Troll Hunter began the quest for the Orb.
     0 | D:1      | Reached XP level 1. HP: 19/19 MP: 0/0
   143 | D:1      | Reached skill level 1 in Unarmed Combat
   162 | D:1      | Found a faded altar of an unknown god.
   221 | D:1      | Became a worshipper of Uskayaw the Reveller
   221 | D:1      | Reached * piety under Uskayaw
   253 | D:1      | Reached XP level 2. HP: 22/27 MP: 1/1
   436 | D:1      | Reached ** piety under Uskayaw
   513 | D:1      | Reached skill level 2 in Unarmed Combat
  1288 | D:2      | Reached XP level 3. HP: 33/33 MP: 2/2
  1296 | D:2      | Reached *** piety under Uskayaw
  1361 | D:2      | Reached skill level 3 in Unarmed Combat
  1709 | D:2      | Reached XP level 4. HP: 17/41 MP: 3/3
  1834 | D:3      | Noticed Jessica
  1844 | D:3      | Killed Jessica
  1845 | D:3      | Reached skill level 4 in Unarmed Combat
  2064 | D:3      | Reached XP level 5. HP: 37/48 MP: 1/4
  2125 | D:3      | Reached skill level 5 in Unarmed Combat
  2146 | D:3      | HP: 2/48 [orc wizard/magic dart (6)]
  2322 | D:3      | Found a runed translucent gate.
  2323 | D:3      | Found a runed translucent gate.
  2323 | D:3      | Noticed Tovical's ghost (amateur GrFi)
  2326 | D:3      | Found a runed translucent gate.
  2368 | D:3      | Slain by a kobold brigand

Illustrated notes

Levels and vault maps discovered:
D:1:      saegor_arrival_simple_d, layout_loops_ring, basic_ecumenical_altar
D:2:      layout_basic, minmay_statues_item, mrwooster_statue_mirror,
          hangedman_feature_mirror, serial_bayou_pond_a
D:3:      minmay_skewed_foursquare, layout_basic, gammafunk_ghost_nasty_kobolds,
          uniq_jessica

Skill      XL: |  1  2  3  4  5 |
---------------+----------------+-----
Unarmed Combat | 1 2 3 4 5 |  5.3
Fighting       | |  1.5
Throwing       | |  3.6
Dodging        | |  1.5
Stealth        | |  0.3

Action                   |  1- 3 |  4- 6 || total
-------------------------+-------+-------++-------
Melee: Short sword       |   152 |   170 ||   322
       Punch             |     2 |     4 ||     6
Invok: Stomp             |       |     3 ||     3
  Use: Scroll            |       |     6 ||     6
       Potion            |       |     1 ||     1
 Stab: Sleeping          |     1 |       ||     1
Armor: Robe              |    51 |    51 ||   102
Dodge: Dodged            |    72 |    74 ||   146
